 Dungeon Crawl Stone Soup version 0.14-a0-2564-g94087c3 (webtiles) character file.

3759 Deemzul the Fighter (level 9, -11/89 HPs)
             Began as a Lava Orc Fighter on Feb 11, 2014.
             Was an Elder of Cheibriados.
             Mangled by a slime creature (12 damage)
             ... on Level 8 of the Dungeon.
             The game lasted 00:12:03 (5482 turns).

Deemzul the Fighter (Lava Orc Fighter)              Turns: 5482, Time: 00:12:03

HP -11/89        AC 16     Str 31      XL: 9   Next: 67%
MP  15/15        EV  4     Int 17      God: Cheibriados [****..]
Gold 507         SH 24     Dex 22      Spells:  0 memorised,  8 levels left

rFire  + + +     SeeInvis .     L - +1 war axe
rCold  x . .     Clarity  .     a - +0 plate armour
rNeg   . . .     Conserve .     c - +0 orc shield
rPois  .         rCorr    .     (no helmet)
rElec  .         rRot     .     y - +0 cloak
SustAb + .       Spirit   .     E - +1 pair of gloves
rMut   .         Warding  .     D - +0 pair of orc boots
Saprov + . .     Stasis   .     (no amulet)
MR     .....                    C - +3 ring of dexterity
                                x - ring of sustain abilities {unknown}

@: very slow, not resistant to hostile enchantments, extremely unstealthy
A: conserve scrolls, saprovore 1
a: Bend Time, Temporal Distortion, Slouch, Renounce Religion


You were on level 8 of the Dungeon.
You worshipped Cheibriados.
Cheibriados was greatly pleased with you.
You were very hungry.

You visited 2 branches of the dungeon, and saw 10 of its levels.
You also visited: Ossuary.

You collected 507 gold pieces.

Inventory:

Hand weapons
 L - a +1,+1 war axe (weapon)
Armour
 a - a +0 plate armour (worn)
 b - a +0 orcish scale mail
 c - a +0 orcish shield (worn)
 y - a +0 cloak (worn)
 D - a +0 pair of orcish boots (worn)
 E - a +1 pair of gloves (worn)
Magical devices
 I - a wand of confusion (4)
Comestibles
 d - 5 meat rations
 f - a royal jelly
 j - a choko
 o - 3 bread rations
 w - 3 pears
 F - 2 cheeses
Scrolls
 e - 7 scrolls of identify {unknown}
 g - 4 scrolls of recharging {unknown}
 h - 2 scrolls of fog {unknown}
 k - a scroll of curse armour {unknown}
 m - 2 scrolls of noise {unknown}
 p - 3 scrolls of enchant armour {unknown}
 r - 3 scrolls of fear {unknown}
 s - a scroll of blinking {unknown}
 t - 3 scrolls of enchant weapon II
 u - a scroll of remove curse
 v - a scroll of enchant weapon I
 A - a scroll of amnesia {unknown}
 B - 4 scrolls of teleportation
 K - a scroll of curse jewellery {unknown}
Jewellery
 x - a ring of sustain abilities (left hand) {unknown}
 C - a +3 ring of dexterity (right hand)
Potions
 i - 2 potions of brilliance
 l - 5 potions of curing
 q - 2 potions of might
 H - a potion of porridge
Books
 G - a book of Debilitation

   Spells                             Type                      Level
   Corona                             Hexes                        1
   Slow                               Hexes                        2
   Inner Flame                        Hexes/Fire                   3
   Enslavement                        Hexes                        4
   Cause Fear                         Hexes                        4
   Leda's Liquefaction                Hexes/Earth                  4


   Skills:
 + Level 11.0 Fighting
 + Level 10.6 Axes
 + Level 4.8 Armour
 - Level 3.2 Shields
 + Level 4.2 Invocations
 + Level 3.2 Evocations


You had 8 spell levels left.
You didn't know any spells.

Dungeon Overview and Level Annotations

Branches:
Dungeon (9/16)             Temple (1/1) D:5
    Orc: D:9-12        Lair: D:8-11

Altars:
Ashenzari
Cheibriados
Dithmenos
Elyvilon
Fedhas
Kikubaaqudgha
Makhleb
Nemelex Xobeh
Okawaru
Sif Muna
Trog
Vehumet
Xom
Yredelemnul
Zin
The Shining One

Shops:
D:8 (


Innate Abilities, Weirdness & Mutations

You have stony skin.
Your flesh is almost immune to the effects of heat.
Your fire spells are more powerful.
Your flesh is vulnerable to cold.
Your heat harms attackers.
You bathe your surroundings in blazing heat.
You are too hot to use scrolls.
You are very good at protecting items from fire.
You can tolerate rotten meat.


Message History

Unknown command.
You're getting fired up.
The slime creature barely misses you. You block the slime creature's attack.
Unknown command.
The slime creature is burned by your radiant heat.
The slime creature is severely wounded.
The slime creature hits you!
* * * LOW HITPOINT WARNING * * *
The slime creature is singed by your heat.
The slime creature is severely wounded.
The slime creature is burned by your radiant heat.
The slime creature is almost dead.
The slime creature hits you!
* * * LOW HITPOINT WARNING * * *
The slime creature is singed by your heat.
The slime creature is almost dead.
The slime creature is burned by your radiant heat.
The slime creature is heavily wounded.
The slime creature hits you!
You die...

...##########....................
... #....................
...##########..####...####.......
...............# #...# #.......
...............####...# #.......
............>.........####.......
.................................
...............J.................
...............J@................
................######....######.
................# #....# #.
................# #....# #.
.....%..........# #....# #.
................# #....# #.
................# #....# #.
................######..8.# #.
........####..............######.


You could see 2 slime creatures.

Vanquished Creatures
  A feature mimic (D:8)
  A two-headed ogre (D:8)
  4 sky beasts
  A necrophage (D:6)
  An orc warrior (D:8)
  An ice beast (D:5)
  A giant goldfish (D:7)
  2 centaurs (D:8)
  4 ogres
  2 elf zombies (Ossuary)
  A big kobold (D:8)
  4 giant frogs
  Blork the orc (D:7)
  3 killer bees (D:8)
  A hippogriff skeleton (D:6)
  2 jellyfish (D:7)
  An electric eel (D:7)
  A big fish (D:7)
  2 orc priests (D:3)
  A jelly (D:5)
  3 scorpions
  A hound (D:7)
  4 worker ants
  An orc wizard (D:3)
  3 big kobold zombies (Ossuary)
  A hound zombie (Ossuary)
  3 mummies (Ossuary)
  3 gnolls (D:3)
  7 adders
  A giant centipede (D:8)
  A worm zombie (D:7)
  A giant mite (D:5)
  4 worms
  6 adder zombies (Ossuary)
  A grey rat (D:1)
  A giant eyeball (D:7)
  3 oozes
  9 orcs
  18 bats
  A bat skeleton (D:4)
  5 giant cockroaches
  14 hobgoblins
  5 jackals
  3 quokkas
  A ball python (D:8)
  7 giant geckos
  2 giant newts
  4 gnoll zombies (Ossuary)
  13 goblins
  5 goblin zombies
  A hobgoblin zombie (Ossuary)
  A jackal zombie (Ossuary)
  9 kobolds
  3 kobold zombies (Ossuary)
  6 quokka zombies (Ossuary)
  14 rats
  A rat skeleton (D:7)
  4 rat zombies (Ossuary)
205 creatures vanquished.

Vanquished Creatures (others)
  2 butterflies (D:7)
2 creatures vanquished.

Grand Total: 207 creatures vanquished

Notes
Turn   | Place    | Note
--------------------------------------------------------------
     0 | D:1      | Deemzul, the Lava Orc Fighter, began the quest for the Orb.
     0 | D:1      | Reached XP level 1. HP: 19/19 MP: 1/1
   163 | D:1      | Reached XP level 2. HP: 22/27 MP: 2/2
   180 | D:1      | Reached skill level 4 in Fighting
   516 | D:2      | Reached XP level 3. HP: 30/34 MP: 3/3
   690 | D:2      | Reached XP level 4. HP: 33/41 MP: 4/4
   727 | D:2      | Found an ancient bone altar of Kikubaaqudgha.
   769 | D:2      | Reached skill level 5 in Fighting
  1142 | D:2      | Found a deep blue altar of Sif Muna.
  1269 | D:3      | Reached XP level 5. HP: 9/49 MP: 5/5
  1359 | D:3      | Reached skill level 5 in Axes
  1642 | D:3      | Reached skill level 6 in Fighting
  1793 | D:4      | Noticed an ogre
  1802 | D:4      | Killed an ogre
  1802 | D:4      | Reached XP level 6. HP: 38/58 MP: 6/6
  2245 | D:5      | Entered Level 5 of the Dungeon
  2248 | D:5      | Found a staircase to the Ecumenical Temple.
  2273 | D:5      | Reached skill level 7 in Fighting
  2284 | Temple   | Entered the Ecumenical Temple
  2430 | Temple   | Became a worshipper of Cheibriados the Contemplative
  2628 | D:5      | Reached XP level 7. HP: 42/66 MP: 7/7
  2714 | D:5      | Found a glowing golden altar of the Shining One.
  2879 | D:5      | Found a radiant altar of Vehumet.
  2904 | D:5      | Found a glowing golden altar of the Shining One.
  3259 | D:6      | Reached skill level 8 in Fighting
  3265 | D:6      | Found a sand-covered staircase.
  3436 | Ossuary  | Entered an ossuary
  3586 | Ossuary  | Reached XP level 8. HP: 71/77 MP: 8/8
  3651 | Ossuary  | Reached skill level 9 in Fighting
  3946 | D:7      | Paralysed by a giant eyeball for 3 turns
  4015 | D:7      | Paralysed by a giant eyeball for 4 turns
  4027 | D:7      | Paralysed by a giant eyeball for 4 turns
  4069 | D:7      | Noticed Blork the orc
  4083 | D:7      | Killed Blork the orc
  4317 | D:7      | Reached skill level 10 in Fighting
  4492 | D:7      | Acquired Cheibriados' first power
  4505 | D:7      | Reached skill level 10 in Axes
  4661 | D:8      | Reached XP level 9. HP: 70/86 MP: 9/9
  4696 | D:8      | Reached skill level 1 in Invocations
  4728 | D:8      | Reached skill level 1 in Evocations
  5267 | D:8      | Found Enyf's Weapon Shoppe.
  5283 | D:8      | Acquired Cheibriados' second power
  5301 | D:8      | Killed a statue mimic
  5423 | D:8      | Reached skill level 11 in Fighting
  5482 | D:8      | HP: 1/89 [slime creature (8)]
  5482 | D:8      | Mangled by a slime creature

Action                   |  1- 3 |  4- 6 |  7- 9 || total
-------------------------+-------+-------+-------++-------
Melee: Hand axe          |    97 |   209 |   314 ||   620
       War axe           |       |       |   153 ||   153
  Use: Scroll            |       |     4 |     4 ||     8
       Potion            |       |       |    11 ||    11
